 Dungeon Crawl Stone Soup version 0.31-a0-986-g5e6e4ef867 (webtiles) character file.

Game seed: 3084509887711916188

67 sammy202020 the Ruffian (level 3, -1/27 HPs)
             Began as a Demonspawn Shapeshifter on Nov 12, 2023.
             Was an Initiate of Gozag.
             Killed by nerve-wracking pain
             ... invoked by Grinder
              (9 damage)
             ... on level 3 of the Dungeon.
             The game lasted 00:02:16 (1591 turns).

sammy202020 the Ruffian (Demonspawn Shapeshifter)   Turns: 1591, Time: 00:02:18

Health: -1/27      AC:  8    Str: 22    XL:     3   Next: 98%
Magic:  3/3        EV:  5    Int: 11    God:    Gozag
Gold:   45         SH:  0    Dex: 12    Spells: 2/2 levels left

rFire   . .          .
                       - Unarmed
rCold   . . .        (no shield)
rNeg    . . .        e - +0 chain mail
rPois   .            (helmet currently unavailable)
rElec   .            (cloak currently unavailable)
rCorr   .            (gloves currently unavailable)
SInv    .            (boots currently unavailable)
Will    .....        (no amulet) Stlth
                     i - +6 ring of strength
HPRegen 0.24/turn    (no ring)
MPRegen 0.08/turn

%: no passive effects
@: beast-form, constricted
A: beast (slay +1), demonic magic 1
a: Begin Untransformation, Renounce Religion, Potion Petition, Call Merchant,
Bribe Branch


You were on level 3 of the Dungeon.
You worshipped Gozag.
Gozag was noncommittal.
You were a hulking beast.
You visited 1 branch of the dungeon, and saw 3 of its levels.

You collected 103 gold pieces.
You paid 58 gold pieces to Gozag.

Inventory:

Armour
 a - a +0 animal skin
 e - a +0 chain mail (worn)
 f - a +0 cloak
Jewellery
 i - a +6 ring of strength (left hand)
Talismans
 c - a beast talisman
 d - a flux talisman
Scrolls
 h - a scroll of blinking
 m - a scroll of identify
Potions
 b - 3 potions of lignification
 j - 2 potions of resistance
 l - 3 potions of brilliance
 o - a potion of heal wounds
 q - a potion of magic


   Skills:
 * Level 2.0 Fighting
 + Level 0.8 Armour
 + Level 2.0 Dodging
 * Level 3.2 Unarmed Combat
 * Level 3.2 Shapeshifting


You had 2 spell levels left.
You didn't know any spells.
Your spell library contained the following spells:

 Spells                   Type           Power      Damage    Failure   Level
 Freeze                   Ice            0%         1d3       95%         1
 Frozen Ramparts          Ice            0%         1d1       100%        3
 Hailstorm                Conj/Ice       0%         3d3       100%        3


Dungeon Overview and Level Annotations

Branches:
Dungeon (3/15)

Altars:
Gozag

Shops:
D:1 *

Annotations:
D:3 Grinder


Innate Abilities, Weirdness & Mutations

You are a hulking beast.
Your limbs bulge with bestial killing power. (Slay +1)
Spells you cast may paralyse adjacent enemies.


Message History

Gozag welcomes you!
You pay a service fee of 58 gold.
HP restored.
Grinder and a giant cockroach come into view.
Grinder shouts!
There are monsters nearby!
A ball python comes into view.
Grinder gestures at you. Pain shoots through your body!
The ball python hisses angrily.
The giant cockroach closely misses you.
The giant cockroach bites you but does no damage.
You completely miss Grinder. Grinder gestures at you.
You suddenly lose the ability to move!
The giant cockroach barely misses you.
Grinder blinks!
The giant cockroach bites you but does no damage.
The ball python bites you but does no damage.
The ball python grabs you. The ball python constricts you.
The giant cockroach bites you. The ball python bites you.
The ball python constricts you.
The giant cockroach bites you but does no damage.
The ball python bites you but does no damage.
The ball python constricts you.
You can move again.
You hit the ball python but do no damage.
The giant cockroach bites you but does no damage.
Grinder hits you!
You writhe in agony.
* * * LOW HITPOINT WARNING * * *
The ball python bites you but does no damage.
The ball python constricts you.
The giant cockroach bites you but does no damage.
You need at least 400 gold to purchase potions right now!
You closely miss Grinder. The ball python barely misses you.
The ball python constricts you. Grinder gestures at you.
Pain shoots through your body!
You die...
Grinder says, "Now the real fun starts!"
Your body crumbles into a pile of gold.

##...# . #....##
.. #.....# ...
#.≈...
..##.≈..#######
...≈..[......
######B≈.........
.......hS§......
..####§.5.§.####.#
#.§§.........#
#..≈....#####
.###.§≈.<....#
.....§≈..###.###
..####.).........
#.........###.###
......._........


You could see Grinder, a giant cockroach and a ball python.

Vanquished Creatures
  2 adders (D:2)
  A dart slug (D:1)
  7 ball pythons
  3 endoplasms
  2 giant cockroaches
  5 goblins
  2 hobgoblins
  2 jackals (D:1)
  2 quokkas (D:2)
  8 bats (D:1)
  4 frilled lizards
  2 kobolds (D:1)
  3 rats
43 creatures vanquished.

Notes
Turn   | Place    | Note
-------+----------+-------------------------------------------
     0 | D:1      | sammy202020 the Demonspawn Shapeshifter began the quest for
                  | the Orb.
     0 | D:1      | Reached XP level 1. HP: 15/15 MP: 1/1
   218 | D:1      | Gained mutation: Spells you cast may paralyse adjacent
                  | enemies. [demonic ancestry]
   218 | D:1      | Reached XP level 2. HP: 20/21 MP: 2/2
   362 | D:1      | Found Cuimuosa's Assorted Antiques.
   459 | D:1      | Reached XP level 3. HP: 26/26 MP: 3/3
  1552 | D:3      | Found an opulent altar of Gozag.
  1568 | D:3      | Became a worshipper of Gozag Ym Sagoz the Greedy
  1582 | D:3      | Noticed Grinder
  1586 | D:3      | Paralysed by Grinder for 4 turns
  1591 | D:3      | Killed from afar by Grinder

Illustrated notes

Levels and vault maps discovered:
D:1:      dpeg_arrival_short_road, layout_loops_ring, serial_shops,
          nicolae_shop_overgrown_old_shop
D:2:      layout_loops_cross, ebering_dispersal_statue_hall
D:3:      layout_basic, mainiacjoe_overflow_boulevard,
          gammafunk_temple_overflow_claw, chequers_avenue,
          nicolae_grassy_gnolls, uniq_robin, uniq_grinder, uniq_ijyb

Skill      XL: |  1  2  3 |
---------------+----------+-----
Unarmed Combat | 3 |  3.2
Shapeshifting  | 3 |  3.2
Dodging        | 2 |  2.0
Fighting       | 2 |  2.0
Armour         | |  0.8

Action                     || total
---------------------------++-------
  Melee: Unarmed           ||   114
         Punch             ||     3
    Use: Scroll            ||    10
 Armour: Chain mail        ||    98
  Dodge: Dodged            ||    57

Table legend: (Time is in decaauts)
 A = Elapsed time spent in this place.
 B = Non-inter-level travel time spent in this place.
 C = Inter-level travel time spent in this place.
 D = Time resting spent in this place.
 E = Time spent auto-exploring this place.
 F = Levels seen in this place.
 G = Mean time per level.
                   A        B        C        D        E       F      G
               +--------+--------+--------+--------+--------+-----+--------+
         Total |   1584 |   1542 |     42 |      0 |   1238 |   3 |  528.0 |
       Dungeon |   1584 |   1542 |     42 |      0 |   1238 |   3 |  528.0 |
               +--------+--------+--------+--------+--------+-----+--------+

Top non-repeatable levels by time:
     D:1: 832 daAuts
     D:2: 714 daAuts
     D:3: 38 daAuts
